 Dungeon Crawl Stone Soup version 0.20.1-1-g8b1a95d (webtiles) character file.

100 Folque the Magician (level 4, 0/29 HPs)
             Began as an Octopode Wizard on Dec 2, 2017.
             Slain by an orc (5 damage)
             ... on level 3 of the Dungeon.
             The game lasted 00:07:16 (2313 turns).

Folque the Magician (Octopode Wizard)               Turns: 2313, Time: 00:07:17

Health: 0/29       AC:  1    Str:  6    XL:     4   Next: 73%
Magic:  3/9        EV: 13    Int: 21    God:
Gold:   172        SH:  0    Dex: 10    Spells: 2/10 levels left

rFire    . . .     SeeInvis .   o - +1 dagger (drain)
rCold    . . .     Gourm    .   (no shield)
rNeg     . . .     Faith    .   a - +0 hat
rPois    .         Spirit   .   (no amulet)
rElec    .         Reflect  .   (no ring)
rCorr    .         Harm     .   (no ring)
MR       .....                  (no ring)
Stlth    +++.......             (no ring)
Regen    0.1/turn               (no ring)
MPRegen  0.2/turn               (no ring)
                                (no ring)
                                (no ring)

@: very slightly contaminated
A: almost no armour, stealthy swim, amphibious, 8 rings, constrict 8, camouflage
1, gelatinous body 1
a: no special abilities


You were on level 3 of the Dungeon.
You were not hungry.

You visited 1 branch of the dungeon, and saw 3 of its levels.

You collected 172 gold pieces.

Inventory:

Hand Weapons
 h - a +1 spear
 o - a +1 dagger of draining (weapon)
Armour
 a - a +0 hat (worn)
Jewellery
 i - an uncursed ring of stealth {unknown}
Scrolls
 d - 2 scrolls of identify {unknown}
 g - a scroll of enchant weapon
 j - a scroll of teleportation {unknown}
 l - a scroll of enchant armour {unknown}
 m - a scroll of recharging {unknown}
 n - a scroll of remove curse {unknown}
 p - a scroll of random uselessness {unknown}
Potions
 e - a potion of haste {unknown}
Books
 b - a book of Minor Magic

   Spells                             Type                      Level
   a - Magic Dart                     Conjuration                  1
   b - Blink                          Translocation                2
   c - Call Imp                       Summoning                    2
   d - Slow                           Hexes                        2
   e - Conjure Flame                  Conjuration/Fire             3
   f - Mephitic Cloud                 Conjuration/Poison/Air       3
Comestibles
 c - 4 bread rations
 f - 3 chunks of flesh
 k - 2 royal jellies


   Skills:
 - Level 2.0 Fighting
 - Level 2.0 Dodging
 - Level 2.6 Stealth
 + Level 3.7 Spellcasting
 + Level 1.7 Conjurations
 - Level 1.0 Summonings
 - Level 1.0 Translocations
 * Level 2.4 Poison Magic


You had 2 spell levels left.
You knew the following spells:

 Your Spells              Type           Power        Failure   Level  Hunger
a - Magic Dart            Conj           ##..         6%          1    None
b - Call Imp              Summ           #.......     12%         2    ##.....
c - Blink                 Tloc           N/A          12%         2    ##.....
d - Mephitic Cloud        Conj/Pois/Air  #.......     22%         3    ###....


Dungeon Overview and Level Annotations

Branches:
Dungeon (3/15)

Altars:
Makhleb
Xom


Innate Abilities, Weirdness & Mutations

You cannot wear most types of armour.
You are very stealthy in the water. (Stealth+)
You are amphibious.
You can wear up to eight rings at the same time.
You can use your tentacles to constrict eight enemies at once.
Your skin changes colour to match your surroundings (Stealth+).
Your rubbery body absorbs attacks. (AC +1, EV +1)


Message History

Things that are here:
a whip; a leather armour; an orc corpse You hit the orc.
You drain the orc! Your grab misses the orc.
The orc is severely wounded.
The orc barely misses you.
The orc gestures wildly.
The orc hits your shadow imp with a whip.
Your shadow imp hits the orc.
The orc dies!
Casting: Call Imp
Confirm with . or Enter, or press ? or * to list all spells.
You miscast Call Imp.
You are very lightly contaminated with residual magic.
You feel a strange surge of energy!
You hear some strange, mumbled words.
A puff of flame appears from out of thin air!
The puff of flame hits you!
* * * LOW HITPOINT WARNING * * *
The orc barely misses you. The orc hits you.
You die...

. #. . . .## ### ##. # ..
...... ..# # ..##.#o## .
###.### . ...... .. ....##
.. #.#o####### #.###..##
...##.{)@.....#.#......##
.......o5....?...........
#######.#.#############..##
..........# #).## #####.#.#
#..##
#######.#.#############..##
...........................
#######.#.#############....
#.#.# ############.##


You could see 3 orcs and a friendly shadow imp.

Vanquished Creatures
  2 adders (D:2)
  An ooze (D:2)
  2 worms (D:2)
  An orc (D:3)
  6 goblins
  7 hobgoblins
  3 jackals (D:2)
  A ball python (D:2)
  5 bats
  3 frilled lizards (D:1)
  6 kobolds
  6 rats
43 creatures vanquished.

Vanquished Creatures (collateral kills)
  An orc priest (D:3)
  An orc (D:3)
  A goblin (D:2)
  A hobgoblin (D:2)
4 creatures vanquished.

Grand Total: 47 creatures vanquished

Notes
Turn   | Place    | Note
-------+----------+-------------------------------------------
     0 | D:1      | Folque the Octopode Wizard began the quest for the Orb.
     0 | D:1      | Reached XP level 1. HP: 11/11 MP: 4/4
    66 | D:1      | Reached skill level 1 in Fighting
   440 | D:1      | Reached XP level 2. HP: 16/18 MP: 6/6
   474 | D:1      | Learned a level 2 spell: Call Imp
   477 | D:1      | Learned a level 2 spell: Blink
  1055 | D:2      | Reached XP level 3. HP: 22/24 MP: 7/7
  1063 | D:2      | Learned a level 3 spell: Mephitic Cloud
  1236 | D:2      | Found a shimmering altar of Xom.
  1236 | D:2      | Found a burning altar of Makhleb.
  1348 | D:2      | Reached skill level 1 in Poison Magic
  1693 | D:2      | Reached XP level 4. HP: 24/29 MP: 1/9
  2313 | D:3      | Slain by an orc

Skill      XL: |  1  2  3  4 |
---------------+-------------+-----
Fighting       | 1 2 |  2.0
Poison Magic   | 1 2 |  2.4
Dodging        | |  2.0
Stealth        | |  2.6
Spellcasting   | |  3.7
Conjurations   | |  1.7
Summonings     | |  1.0
Translocations | |  1.0

Action                   |  1- 3 |  4- 6 || total
-------------------------+-------+-------++-------
Melee: Dagger            |    55 |    20 ||    75
       Constrict         |    21 |     5 ||    26
       Unarmed           |     3 |       ||     3
       Spear             |    23 |       ||    23
       Tentacles         |     7 |       ||     7
 Cast: Magic Dart        |     3 |       ||     3
       Call Imp          |     4 |     1 ||     5
       Blink             |     1 |       ||     1
       Mephitic Cloud    |       |     1 ||     1
  Use: Scroll            |     1 |       ||     1
 Stab: Sleeping          |     9 |     2 ||    11
       Distracted        |     1 |       ||     1
  Eat: Chunk             |     3 |     2 ||     5
Armor: Skin              |     5 |       ||     5
Dodge: Dodged            |    56 |    10 ||    66
